 Dungeon Crawl Stone Soup version 0.19.3-4-gbf9329e (webtiles) character file.

10853 Lennu the Carver (level 11, -7/83 HPs)
             Began as a Demonspawn Gladiator on Jan 30, 2017.
             Was a Priest of Makhleb.
             Killed by divine providence
             ... invoked by a smoke demon
             ... summoned by the player character
              (9 damage)
             ... on level 2 of the Lair of Beasts.
             The game lasted 00:43:29 (12893 turns).

Lennu the Carver (Demonspawn Gladiator)            Turns: 12893, Time: 00:43:30

Health: -7/83      AC:  8    Str: 24    XL:     11   Next: 41%
Magic:  17/17      EV: 22    Int:  9    God:    Makhleb [***...]
Gold:   588        SH: 12    Dex: 21    Spells: 0 memorised, 10 levels left

rFire  + . .     SeeInvis .     a - +1 long sword
rCold  + . .     Gourm    .     g - +1 robe of Untold Secrets {rC+} (curse)
rNeg   . . .     Faith    .     y - +0 shield
rPois  .         Spirit   .     (helmet restricted)
rElec  .         Reflect  .     e - +1 cloak
rCorr  .         Harm     .     (no gloves)
MR     +....                    (no boots)
Stlth  ++++......               (no amulet)
                                j - ring of flight
                                m - ring of protection from fire

@: mighty, agile, very slightly contaminated
A: horns 1, yellow scales 2, high mp 1, magic resistance 1, powered by pain 1,
spiny 3, strong 1
a: Minor Destruction, Lesser Servant of Makhleb, Renounce Religion, Evoke Flight


You were on level 2 of the Lair of Beasts.
You worshipped Makhleb.
Makhleb was most pleased with you.
You were very hungry.

You visited 3 branches of the dungeon, and saw 12 of its levels.

You collected 588 gold pieces.

Inventory:

Hand Weapons
 a - a +1 long sword (weapon)
Missiles
 x - a tomahawk (quivered)
Armour
 b - a +0 leather armour
 e - a +1 cloak (worn)
 g - the cursed +1 robe of Untold Secrets (worn) {rC+}
   (You found it on level 4 of the Dungeon)

   It protects you from cold.
   It has a curse placed upon it.
 y - a +0 shield (worn)
Jewellery
 h - an uncursed ring of protection from magic
 j - a ring of flight (right hand)
 m - a ring of protection from fire (left hand)
Wands
 n - a wand of flame (46/48)
 H - a wand of paralysis (11/24)
 J - a wand of enslavement (10/24)
Scrolls
 d - a scroll of amnesia
 i - 2 scrolls of magic mapping
 l - 2 scrolls of remove curse
 p - 2 scrolls of recharging
 q - a scroll of enchant weapon
 t - 2 scrolls of summoning
 v - a scroll of fog
 D - a scroll of teleportation
 I - 2 scrolls of silence
Potions
 k - 2 potions of cure mutation
 o - a potion of invisibility
 r - a potion of might
 s - 4 potions of haste
 u - 3 potions of curing
 B - a potion of degeneration
 C - a potion of ambrosia {unknown}
Books
 c - a Young Poisoner's Handbook

   Spells                             Type                      Level
   a - Sting                          Conjuration/Poison           1
   b - Mephitic Cloud                 Conjuration/Poison/Air       3
   c - Olgreb's Toxic Radiance        Poison                       4
   d - Alistair's Intoxication        Transmutation/Poison         5
   e - Venom Bolt                     Conjuration/Poison           5
 z - a book of Air

   Spells                             Type                      Level
   a - Shock                          Conjuration/Air              1
   b - Swiftness                      Charms/Air                   2
   c - Repel Missiles                 Charms/Air                   2
   d - Static Discharge               Conjuration/Air              3
   e - Lightning Bolt                 Conjuration/Air              5
 A - a book of Changes

   Spells                             Type                      Level
   a - Beastly Appendage              Transmutation                1
   b - Sticks to Snakes               Transmutation                2
   c - Spider Form                    Transmutation/Poison         3
   d - Ice Form                       Ice/Transmutation            4
   e - Blade Hands                    Transmutation                5
 F - a book of Misfortune

   Spells                             Type                      Level
   a - Confusing Touch                Hexes                        1
   b - Confuse                        Hexes                        3
   c - Gell's Gravitas                Hexes/Translocation          3
   d - Petrify                        Transmutation/Earth          4
   e - Metabolic Englaciation         Hexes/Ice                    5
   f - Yara's Violent Unravelling     Hexes/Transmutation          5
Comestibles
 f - 6 bread rations
 E - a meat ration
 G - a slice of pizza
 L - 10 fruits


   Skills:
 * Level 6.7 Fighting
 * Level 10.0 Long Blades
 + Level 2.0 Throwing
 * Level 4.8 Armour
 * Level 7.6 Dodging
 + Level 3.3 Stealth
 * Level 6.5 Shields
 * Level 6.3 Invocations


You had 10 spell levels left.
You didn't know any spells.

Dungeon Overview and Level Annotations

Branches:
Dungeon (9/15)             Temple (1/1) D:5            Lair (2/6) D:8
 Spider (0/4) Lair:2
  Swamp: Lair:2-4    Shoals: Lair:2-4       Orc: D:9-12

Altars:
Ashenzari
Cheibriados
Dithmenos
Elyvilon
Fedhas
Gozag
Hepliaklqana
Kikubaaqudgha
Makhleb
Nemelex Xobeh
Okawaru
Ru
Sif Muna
Trog
Uskayaw
Vehumet
Xom
Yredelemnul
Zin
The Shining One

Shops:
D:5 }

Annotations:
Lair:1 exclusion: oklob plant
Lair:2 Kloppie's ghost, journeyman DsBe


Innate Abilities, Weirdness & Mutations

You have a pair of small horns on your head.
You are mostly covered in yellow scales. (AC +3)
You sometimes gain a little power by taking damage.
You are completely covered in sharp spines.
You have an increased reservoir of magic. (+10% MP)
You are resistant to hostile enchantments. (MR+)
Your muscles are strong. (Str +2)


Message History

Press: ? - help, Shift-Dir - straight line, f/p - Kloppie's ghost
Aim: Kloppie's ghost, wielding a weapon of freezing (almost destroyed)
The zap hits Kloppie's ghost.
Kloppie's ghost appears unharmed.
Kloppie's ghost is almost destroyed.
Kloppie's ghost passes through a web.
Your smoke demon barely misses Kloppie's ghost.
Your smoke demon hits Kloppie's ghost but does no damage. x2
Press: ? - help, Shift-Dir - straight line, f/p - Kloppie's ghost
Aim: Kloppie's ghost, wielding a weapon of freezing (almost destroyed)
The stone arrow misses Kloppie's ghost.
The stone arrow hits your smoke demon.
Your smoke demon is almost dead.
The smoke demon gestures at you. Makhleb smites you!
* * * LOW HITPOINT WARNING * * *
You focus on the pain.
You feel very mighty all of a sudden.
The smoke demon passes through a web.
The smoke demon gestures at you. Makhleb smites you!
You die...

##..# #^^.^^^^.^..######.......##
###.###^.^^....^..##.P#.#.......#
#....##.^^..^^3.^(.....##......P#
###.+...^.........P....##......##
#...##...^.............+........
#...##....#..W........##.......P
##.####..###.....#....##.......#
#.####.+.##....####.###......#
##.............@###รท+###......##
#...............................
#...............................
##.................<............
#..............................
#...###P#......................
##...######P..................##
#....#P...##...#######P##....###
#.....+...##....# ####.....###


You could see a smoke demon and Kloppie's ghost.

Vanquished Creatures
  A black mamba (Lair:1)
  3 spiny frogs
  4 hippogriffs
  3 blink frogs (Lair:2)
  17 yaks
  2 hungry ghosts
  4 porcupines
  3 water moccasins
  A sky beast (D:6)
  2 phantoms
  A black bear (Lair:2)
  An orc warrior (D:6)
  2 ice beasts (D:5)
  A necrophage (D:5)
  3 ogres
  10 wolves
  8 centaurs
  A big kobold (D:7)
  5 crocodiles
  4 bullfrogs
  2 scorpions (D:8)
  5 killer bees (D:7)
  4 wights (D:6)
  2 howler monkeys
  A crimson imp (D:8)
  7 hounds
  5 orc wizards
  6 orc priests
  2 jellies
  Terence (D:2)
  8 iguanas
  7 worker ants
  A hound skeleton (D:4)
  6 gnolls
  12 adders
  A river rat (D:8)
  4 shadow imps
  2 oozes
  2 adder skeletons
  3 worms
  2 dart slugs
  5 leopard geckos
  30 orcs
  7 giant cockroaches
  9 goblins
  5 hobgoblins
  12 jackals
  2 quokkas (D:6)
  A ball python skeleton (D:4)
  5 bats
  7 frilled lizards
  A jackal skeleton (D:4)
  7 kobolds
  A leopard gecko skeleton (D:6)
  8 rats
259 creatures vanquished.

Vanquished Creatures (others)
  3 fungi
  10 plants
13 creatures vanquished.

Grand Total: 272 creatures vanquished

Notes
Turn   | Place    | Note
-------+----------+-------------------------------------------
     0 | D:1      | Lennu the Demonspawn Gladiator began the quest for the Orb.
     0 | D:1      | Reached XP level 1. HP: 16/16 MP: 1/1
   103 | D:1      | Reached skill level 3 in Long Blades
   269 | D:1      | Gained mutation: You are partially covered in sharp spines. [demonic ancestry]
   269 | D:1      | Reached XP level 2. HP: 22/22 MP: 2/2
   693 | D:2      | Gained mutation: You are partially covered in yellow scales. (AC +2) [demonic ancestry]
   693 | D:2      | Reached XP level 3. HP: 24/28 MP: 3/3
   758 | D:2      | Noticed Terence
   774 | D:2      | Killed Terence
   774 | D:2      | Reached skill level 1 in Armour
   859 | D:2      | Found a snail-covered altar of Cheibriados.
   887 | D:2      | Reached XP level 4. HP: 34/34 MP: 4/4
  1502 | D:3      | You fall through a shaft!
  1872 | D:3      | Reached XP level 5. HP: 39/39 MP: 5/5
  2369 | D:4      | Reached skill level 4 in Long Blades
  2407 | D:4      | Reached skill level 1 in Stealth
  2416 | D:4      | Gained mutation: You sometimes gain a little power by taking damage. [demonic ancestry]
  2416 | D:4      | Reached XP level 6. HP: 42/47 MP: 6/6
  2488 | D:4      | Reached skill level 1 in Shields
  3167 | D:4      | Reached skill level 5 in Long Blades
  3167 | D:4      | Gained mutation: You have a pair of small horns on your head. [demonic ancestry]
  3167 | D:4      | Reached XP level 7. HP: 52/52 MP: 7/7
  3178 | D:4      | Gained mutation: You are resistant to hostile enchantments. (MR+) [potion of beneficial mutation]
  3179 | D:4      | Gained mutation: You have an increased reservoir of magic. (+10% MP) [potion of beneficial mutation]
  3198 | D:4      | Got a thick robe
  3218 | D:4      | Identified the cursed +1 robe of Untold Secrets {rC+} (You found it on level 4 of the Dungeon)
  3248 | D:5      | Entered Level 5 of the Dungeon
  3276 | D:5      | Found a radiant altar of Vehumet.
  3383 | D:5      | Found Lomuplug's Gadget Shoppe.
  3895 | D:5      | Found a blossoming altar of Fedhas.
  4105 | D:5      | Found a staircase to the Ecumenical Temple.
  4126 | Temple   | Entered the Ecumenical Temple
  4190 | Temple   | Became a worshipper of Makhleb the Destroyer
  4268 | D:5      | Gained mutation: You are mostly covered in yellow scales. (AC +3) [demonic ancestry]
  4268 | D:5      | Reached XP level 8. HP: 57/59 MP: 8/8
  4349 | D:5      | Reached skill level 6 in Long Blades
  4384 | D:5      | Reached skill level 1 in Invocations
  4948 | D:5      | Reached skill level 5 in Dodging
  5606 | D:6      | Reached XP level 9. HP: 60/66 MP: 11/11
  5653 | D:6      | Reached skill level 7 in Long Blades
  5738 | D:6      | Found a blossoming altar of Fedhas.
  5782 | D:6      | Reached * piety under Makhleb
  5783 | D:6      | Found a bloodstained altar of Trog.
  6141 | D:6      | Gained mutation: Your muscles are strong. (Str +2) [mutagenic meat]
  6268 | D:6      | Found a hide-covered altar of Uskayaw.
  6269 | D:6      | Found a sacrificial altar of Ru.
  6352 | D:6      | Found a glowing silver altar of Zin.
  6356 | D:6      | Found an iron altar of Okawaru.
  7622 | D:7      | Reached skill level 8 in Long Blades
  7763 | D:7      | Reached skill level 5 in Fighting
  8085 | D:7      | Reached ** piety under Makhleb
  8914 | D:8      | Found a basalt altar of Yredelemnul.
  8922 | D:8      | Gained mutation: You are mostly covered in sharp spines. [demonic ancestry]
  8922 | D:8      | Reached XP level 10. HP: 74/74 MP: 14/14
  8995 | D:8      | Reached skill level 5 in Shields
  9310 | D:8      | Found a staircase to the Lair.
  9338 | D:8      | Reached skill level 5 in Invocations
  9959 | D:8      | Found a shattered altar of Ashenzari.
  9959 | D:8      | Found a hazy altar of Hepliaklqana.
 10176 | D:9      | Reached skill level 9 in Long Blades
 10301 | Lair:1   | Entered Level 1 of the Lair of Beasts
 10355 | Lair:1   | Noticed an oklob plant
 10382 | Lair:1   | Noticed a black mamba
 10390 | Lair:1   | Killed a black mamba
 10557 | Lair:1   | Found a hazy altar of Hepliaklqana.
 10563 | Lair:1   | Noticed a spiny frog
 10576 | Lair:1   | Killed a spiny frog
 11375 | Lair:1   | Gained mutation: You are completely covered in sharp spines. [demonic ancestry]
 11375 | Lair:1   | Reached XP level 11. HP: 81/82 MP: 17/17
 11952 | Lair:2   | Reached *** piety under Makhleb
 12062 | Lair:2   | Found a hole to the Spider Nest.
 12327 | Lair:2   | Reached skill level 10 in Long Blades
 12856 | Lair:2   | Noticed Kloppie's ghost (journeyman DsBe)
 12891 | Lair:2   | HP: 1/83 [smoke demon/divine providence[the player character] (15)]
 12893 | Lair:2   | Killed from afar by a smoke demon

Skill      XL: |  1  2  3  4  5  6  7  8  9 10 11 |
---------------+----------------------------------+-----
Long Blades    | 3 4 5 6 8 9 10 | 10.0
Dodging        | 3 4 5 6 7 |  7.6
Throwing       | 2 |  2.0
Armour         | 1 2 3 4 |  4.8
Fighting       | 3 4 5 6 |  6.7
Stealth        | 1 2 3 |  3.3
Shields        | 1 3 4 5 6 |  6.5
Invocations    | 2 4 6 |  6.3

Action                   |  1- 3 |  4- 6 |  7- 9 | 10-12 || total
-------------------------+-------+-------+-------+-------++-------
Melee: Long sword        |    71 |   153 |   353 |   322 ||   899
       Headbutt          |       |       |    90 |   104 ||   194
Throw: Throwing net      |       |     1 |     1 |     3 ||     5
       Tomahawk          |       |       |       |     6 ||     6
Invok: Minor Destruction |       |       |     1 |     8 ||     9
       Lesser Servant of |       |       |       |     1 ||     1
  Use: Potion            |       |     2 |     8 |     1 ||    11
       Scroll            |       |       |    16 |     5 ||    21
 Stab: Sleeping          |       |     1 |     5 |     2 ||     8
       Held in net/web   |       |     1 |     1 |       ||     2
       Distracted        |       |       |     1 |       ||     1
  Eat: Chunk             |       |     7 |    11 |     5 ||    23
       Meat ration       |       |       |     1 |       ||     1
       Bread ration      |       |       |     1 |     2 ||     3
       Fruit             |       |       |     3 |       ||     3
Armor: Leather armour    |    21 |    36 |       |       ||    57
       Robe              |       |       |    70 |    39 ||   109
Dodge: Dodged            |    38 |    67 |   151 |   138 ||   394
Block: Shield            |       |    42 |   169 |   155 ||   366
       Rpst.: Long sword |    12 |    28 |    46 |    34 ||   120
